 Dungeon Crawl Stone Soup version 0.18-a0-1426-g3b9a63c (webtiles) character file.

2555 chei the Slasher (level 9, -1/80 HPs)
             Began as a Naga Fighter on Feb 27, 2016.
             Was an Elder of Okawaru.
             Killed by divine providence
             ... invoked by an orc priest
              (13 damage)
             ... on level 6 of the Dungeon.
             The game lasted 00:17:35 (9828 turns).

chei the Slasher (Naga Fighter)                     Turns: 9828, Time: 00:17:35

Health: -1/80      AC: 14    Str: 22    XL:     9   Next: 56%
Magic:  13/13      EV: 15    Int:  8    God:    Okawaru [****..]
Gold:   378        SH: 12    Dex: 11    Spells: 0 memorised, 8 levels left

rFire  . . .     SeeInvis +     a - +0 long sword
rCold  . . .     Gourm    .     v - +3 ring mail
rNeg   . . .     Faith    +     c - +0 shield
rPois  +         Spirit   .     A - +0 helmet
rElec  .         Dismiss  .     D - +1 cloak
rCorr  .         Reflect  .     (no gloves)
SustAt .         Harm     .     (no barding)
MR     +....                    l - amulet of faith
Stlth  ++........               (no ring)
                                x - +3 ring of evasion (curse)

@: heroism, very slow, somewhat resistant to hostile enchantments, unstealthy
A: see invisible, deformed body, poison resistance, slowness 2, slow metabolism
1, spit poison 2, AC +3
a: Spit Poison, Heroism, Renounce Religion


You were on level 6 of the Dungeon.
You worshipped Okawaru.
Okawaru was greatly pleased with you.
You were not hungry.

You visited 1 branch of the dungeon, and saw 6 of its levels.
You also visited: Sewer.

You collected 378 gold pieces.

Inventory:

Hand Weapons
 a - a +0 long sword (weapon)
Missiles
 b - 7 needles of sleeping
Armour
 c - a +0 shield (worn)
 e - a troll hide {Purgy}
 v - a +3 ring mail (worn)
 A - a +0 helmet (worn)
 D - a +1 cloak (worn)
Jewellery
 l - an amulet of faith (around neck)
 n - an uncursed ring of ice
 o - an uncursed amulet of the gourmand
 w - an uncursed amulet of magic regeneration
 x - a cursed +3 ring of evasion (left hand)
 C - a +5 ring of protection {unknown}
Wands
 i - a wand of digging (12/24)
 y - a wand of flame (0/48)
 F - a wand of slowing (31/48)
Scrolls
 d - a scroll of enchant weapon
 h - 2 scrolls of magic mapping
 j - a scroll of amnesia
 k - a scroll of immolation
 m - 2 scrolls of fear
 u - 3 scrolls of remove curse
 E - a scroll of identify
Potions
 p - a potion of flight
 q - a potion of berserk rage {unknown}
 s - 2 potions of haste
 t - a potion of cure mutation
 z - a potion of degeneration
Comestibles
 f - 3 bread rations
 g - 2 fruits
 B - a meat ration


   Skills:
 + Level 4.8(9.8) Fighting
 * Level 6.2(11.2) Long Blades
 + Level 5.1(10.1) Armour
 + Level 4.0(9.0) Dodging
 + Level 4.8(9.8) Shields
 * Level 5.5 Invocations
 + Level 0.6 Evocations


You had 8 spell levels left.
You didn't know any spells.

Dungeon Overview and Level Annotations

Branches:
Dungeon (6/15)
 Temple: D:4-7

Altars:
Gozag
Makhleb
Nemelex Xobeh
Okawaru
Qazlal
Xom

Shops:
D:6 %

Annotations:
D:3 ilikecats's ghost, amateur DDHu


Innate Abilities, Weirdness & Mutations

You cannot wear boots.
Your serpentine skin is tough (AC +3).
You have supernaturally acute eyesight.
Armour fits poorly on your strangely shaped body.
Your system is resistant to poisons.
You cover ground very slowly.
You have a slow metabolism.
You can spit poison.


Message History

* * * LOW HITPOINT WARNING * * *
You are too injured to fight recklessly!
Unknown command.
You are too injured to fight recklessly!
You are too injured to fight recklessly!
You are too injured to fight recklessly!
The orc priest hits you but does no damage.
You block the orc priest's attack.
Items here: )) [[ †† Unknown command.
You slash the orc priest!
The orc priest is heavily wounded.
Drink which item? (? for menu, Esc to quit)
You feel better. You block the orc priest's attack.
You slash the orc priest!
You kill the orc priest!
Okawaru accepts your kill.
The orc priest invokes the aid of Beogh against you.
Beogh smites you!
You die...

*,* **...** #.#...#.# ### *
*,***,....** #.#.###.# #
***,**,,.)o.o**###...###.# ##
,**,*,,,..o...##.........#######.
,,,,+,,,.....o'..................
,****,,,......##.#....##########.
** **,,.....**#o##...# #. *
**,..).** #)##...# #. **...**
#@##.#.# #. ********#+** #.##.#.#
#. ,,,,,,* *,* #......# #.
*****,* *,* ####.### ###
*****,***,** #.# #..
,,,**,**,,,** #.# #.#
**,**,*,,,,,* #.# #.#
,,,,,,**,,,*******#.# #.#
**,******,**,,,,,,..# #.#


You could see an orc priest.

Vanquished Creatures
  Pikel (D:4)
  The ghost of OkrshikAutist the Conjurer, an amateur DrFE (D:5)
  Duvessa (D:5)
  Purgy (Sewer)
  An ice beast (D:5)
  2 orc warriors (D:6)
  A necrophage (D:6)
  2 phantoms
  3 ogres (D:5)
  2 centaurs (D:5)
  Dowan (D:5)
  4 scorpions
  A crimson imp (D:5)
  A hound (D:5)
  A giant frog skeleton (D:6)
  An orc priest (D:6)
  An orc wizard (D:5)
  3 worker ants
  An iguana (D:5)
  10 adders
  2 oozes
  5 worms
  8 giant geckos
  11 orcs
  A ball python (D:2)
  17 bats
  16 giant cockroaches
  14 hobgoblins
  7 jackals
  8 kobolds
  A giant cockroach zombie (D:6)
  6 giant newts
  11 goblins
  A jackal skeleton (D:4)
  A quokka zombie (D:6)
  13 rats
161 creatures vanquished.

Vanquished Creatures (others)
  A giant frog (D:4)
  A hound (D:4)
  An adder (D:4)
  A giant gecko (D:4)
  3 orcs (D:4)
7 creatures vanquished.

Grand Total: 168 creatures vanquished

Notes
Turn   | Place    | Note
--------------------------------------------------------------
     0 | D:1      | chei the Naga Fighter began the quest for the Orb.
     0 | D:1      | Reached XP level 1. HP: 21/21 MP: 1/1
   280 | D:1      | Reached XP level 2. HP: 25/28 MP: 2/2
   699 | D:1      | Reached XP level 3. HP: 24/34 MP: 3/3
  1212 | D:2      | Reached XP level 4. HP: 7/42 MP: 4/4
  1696 | D:2      | Reached skill level 1 in Dodging
  2115 | D:3      | Noticed ilikecats's ghost (amateur DDHu)
  2692 | D:3      | Found an iron altar of Okawaru.
  2714 | D:3      | Became a worshipper of Warmaster Okawaru
  2781 | D:3      | Reached XP level 5. HP: 49/49 MP: 5/5
  3805 | D:3      | Found a shimmering altar of Xom.
  4559 | D:4      | Reached skill level 3 in Long Blades
  4559 | D:4      | Reached skill level 1 in Invocations
  4564 | D:4      | Reached XP level 6. HP: 54/56 MP: 6/6
  4882 | D:4      | Noticed Pikel
  4882 | D:4      | Noticed a slave
  4882 | D:4      | Noticed a slave
  4882 | D:4      | Noticed a slave
  4921 | D:4      | Killed Pikel
  4921 | D:4      | Reached * piety under Okawaru
  4921 | D:4      | Reached ** piety under Okawaru
  4921 | D:4      | Reached skill level 4 in Long Blades
  4921 | D:4      | Reached XP level 7. HP: 20/64 MP: 6/9
  5254 | D:5      | Entered Level 5 of the Dungeon
  5310 | D:5      | Noticed OkrshikAutist's ghost (amateur DrFE)
  6236 | D:5      | Reached XP level 8. HP: 61/72 MP: 10/10
  6302 | D:5      | Reached *** piety under Okawaru
  6422 | D:5      | Reached skill level 5 in Long Blades
  6781 | D:5      | Noticed Duvessa
  6782 | D:5      | Noticed Dowan
  6798 | D:5      | Killed Duvessa
  6819 | D:5      | Killed Dowan
  7283 | D:5      | Killed OkrshikAutist's ghost
  7402 | D:5      | Reached **** piety under Okawaru
  7952 | D:5      | Reached XP level 9. HP: 41/79 MP: 12/12
  8334 | D:5      | Reached skill level 5 in Armour
  8474 | D:5      | Reached skill level 5 in Invocations
  8851 | D:6      | Received a gift from Okawaru
  8905 | D:6      | Found a glowing drain.
  8933 | Sewer    | Entered a sewer
  8996 | Sewer    | Noticed Purgy
  9009 | Sewer    | Killed Purgy
  9009 | Sewer    | Reached skill level 6 in Long Blades
  9172 | D:6      | Found Kueskin's Food Emporium.
  9196 | D:6      | Found a burning altar of Makhleb.
  9222 | D:6      | Found a sparkling altar of Nemelex Xobeh.
  9271 | D:6      | Found a stormy altar of Qazlal.
  9285 | D:6      | Found an opulent altar of Gozag.
  9828 | D:6      | Killed from afar by an orc priest

Vault maps used:
D:1:      dpeg_arrival_orchard, st_stairs_4, hex_large
D:3:      xom_teletrap_fun, old_standard_altar
D:4:      uniq_pikel
D:5:      first_bread, minmay_parallelograms, kennysheep_small_square,
          uniq_duvessa
D:6:      nicolae_overflow_quartered_altars, serial_shops, shop, basic_altar,
          portal_sewer_entry_f, uniq_edmund
Sewer:    sewer_big_baddie

Skill      XL: |  1  2  3  4  5  6  7  8  9 |
---------------+----------------------------+-----
Shields        | 3 4 |  4.8
Armour         | 3 4 5 |  5.1
Dodging        | 1 2 3 4 |  4.0
Long Blades    | 3 4 5 6 |  6.2
Invocations    | 1 2 3 4 5 |  5.5
Fighting       | 4 |  4.8
Evocations     | |  0.6

Action                   |  1- 3 |  4- 6 |  7- 9 || total
-------------------------+-------+-------+-------++-------
Melee: Long sword        |   120 |   287 |   391 ||   798
Invok: Heroism           |       |       |     2 ||     2
 Abil: Spit Poison       |       |     1 |    10 ||    11
Evoke: Wand              |       |       |     9 ||     9
  Use: Potion            |       |     3 |     5 ||     8
       Scroll            |       |     8 |     9 ||    17
  Eat: Chunk             |       |    10 |     9 ||    19
       Fruit             |       |       |     5 ||     5
